AA
KANSAS CITY T-BONES @ WINNIPEG GOLDEYES
07/06/2072
 
TOP OF THE 1ST
St. Paul Saints batting - Pitching for Gary SouthShore RailCats : LHP Randy Steele
Pitching: LHP Randy Steele
Batting: LHB Victor Rojas 0-0: Ball
1-0: Called Strike
1-1: Foul Ball, location: 2F
1-2: Foul Ball, location: 2F
1-2: Ball
2-2: Foul Ball, location: 2F
2-2: Ball
3-2: SINGLE (Line Drive, 3D, EV 105.6 MPH)
Batting: LHB Kevin Waring 0-0: Ball
1-0: Grounds into double play, 4-6-3 (Groundball, 34, EV 80.6 MPH)
Batting: SHB Davi Entrevinhas 0-0: Ball
1-0: Foul Ball, location: 2F
1-1: Foul Ball, location: 2F
1-2: Hit by Pitch
Batting: RHB Darryl Kirkpatrick 0-0: Ball
1-0: Swinging Strike
1-1: 2-RUN HOME RUN (Flyball, 78XD, EV 88.8 MPH), Distance : 421 ft
Batting: LHB Jared Mack 0-0: Ball
1-0: Foul Ball, location: 2F
1-1: Foul Ball, location: 2F
1-2: Foul Ball, location: 2F
1-2: Foul Ball, location: 2F
1-2: Hit by Pitch
Batting: LHB Eddie Larracuente 0-0: Called Strike
0-1: Called Strike
0-2: Fly out, F8 (Flyball, 8RD, EV 86.2 MPH)
Top of the 1st over - 2 runs, 2 hits, 0 errors, 1 left on base; St. Paul 2 - Gary SouthShore 0
BOTTOM OF THE 1ST
Gary SouthShore RailCats batting - Pitching for St. Paul Saints : RHP Rich Latham
Pitching: RHP Rich Latham
Batting: LHB Mario Vega 0-0: Ball
1-0: Ball
2-0: Foul Ball, location: 2F
2-1: Foul Ball, location: 2F
2-2: Ball
3-2: Ground out 4-3 (Groundball, 4M, EV 103.1 MPH)
Batting: LHB Alejandro Ortiz 0-0: Ball
1-0: Called Strike
1-1: Ball
2-1: Foul Ball, location: 2F
2-2: SINGLE (Flyball, 5D, EV 98.8 MPH)
Batting: RHB Mark Zimny 0-0: SINGLE (Groundball, 56D, EV 97.5 MPH)
Alejandro Ortiz to second
Batting: LHB Fernando Moreno 0-0: Ball
1-0: Ball
2-0: Grounds into double play, 6-4-3 (Groundball, 6M, EV 80.6 MPH)
Bottom of the 1st over - 0 runs, 2 hits, 0 errors, 1 left on base; St. Paul 2 - Gary SouthShore 0
TOP OF THE 2ND
St. Paul Saints batting - Pitching for Gary SouthShore RailCats : LHP Randy Steele
Batting: LHB Domingo Ortega 0-0: Called Strike
0-1: Ball
1-1: Ball
2-1: Swinging Strike
2-2: Fly out, F9 (Flyball, 89D, EV 103.8 MPH)
Batting: RHB Juan Morales 0-0: SINGLE (Line Drive, 7LS, EV 90.0 MPH)
Batting: LHB James Skelton 0-0: Called Strike
0-1: Ball
1-1: Grounds into double play, 6-4-3 (Groundball, 6, EV 91.2 MPH)
Top of the 2nd over - 0 runs, 1 hit, 0 errors, 0 left on base; St. Paul 2 - Gary SouthShore 0
BOTTOM OF THE 2ND
Gary SouthShore RailCats batting - Pitching for St. Paul Saints : RHP Rich Latham
Batting: RHB Dean Rasche 0-0: Called Strike
0-1: Foul Ball, location: 2F
0-2: Foul Ball, location: 2F
0-2: Foul Ball, location: 2F
0-2: Ball
1-2: Ball
2-2: Ground out 1-3 (Groundball, 13S, EV 66.2 MPH)
Batting: SHB Nick Butler 0-0: Ball
1-0: Ball
2-0: Called Strike
2-1: Swinging Strike
2-2: Strikes out looking
Batting: RHB Sean Armor 0-0: Ball
1-0: Ball
2-0: Foul Ball, location: 2F
2-1: Ground out 5-3 (Groundball, 56, EV 90.6 MPH)
Bottom of the 2nd over - 0 runs, 0 hits, 0 errors, 0 left on base; St. Paul 2 - Gary SouthShore 0
TOP OF THE 3RD
St. Paul Saints batting - Pitching for Gary SouthShore RailCats : LHP Randy Steele
Batting: LHB Victor Rojas 0-0: Called Strike
0-1: Ball
1-1: Ball
2-1: Ball
3-1: Swinging Strike
3-2: Foul Ball, location: 2F
3-2: Base on Balls
Batting: LHB Kevin Waring 0-0: Ball
Victor Rojas is caught stealing 2nd base 2-6
1-0: Fly out, F8 (Flyball, 8LM, EV 84.4 MPH)
Batting: SHB Davi Entrevinhas 0-0: Ball
1-0: Called Strike
1-1: Fly out, F6 (Popup, 6D, EV 65.0 MPH)
Top of the 3rd over - 0 runs, 0 hits, 0 errors, 0 left on base; St. Paul 2 - Gary SouthShore 0
BOTTOM OF THE 3RD
Gary SouthShore RailCats batting - Pitching for St. Paul Saints : RHP Rich Latham
Batting: RHB Kevin Oliver 0-0: Ball
1-0: Ball
2-0: Ball
3-0: Base on Balls
Batting: RHB Jesus Mantilla 0-0: Called Strike
0-1: Ball
1-1: Ball
2-1: Foul Ball, location: 2F
2-2: Ball
3-2: Base on Balls
Kevin Oliver to second
Batting: LHB Mario Vega 0-0: Called Strike
0-1: Ball
1-1: 3-RUN HOME RUN (Flyball, 9D, EV 103.8 MPH), Distance : 388 ft
Batting: LHB Alejandro Ortiz 0-0: Fly out, F8 (Flyball, 8RS, EV 81.2 MPH)
Batting: RHB Mark Zimny 0-0: Ball
1-0: Ball
2-0: Called Strike
2-1: Ball
3-1: Base on Balls
Batting: LHB Fernando Moreno 0-0: Ball
1-0: Foul Ball, location: 2F
1-1: Ball
2-1: Grounds out, U3 (Groundball, 3L, EV 80.0 MPH)
Batting: RHB Dean Rasche 0-0: Ball
1-0: Called Strike
1-1: Swinging Strike
1-2: Strikes out swinging
Bottom of the 3rd over - 3 runs, 1 hit, 0 errors, 1 left on base; St. Paul 2 - Gary SouthShore 3
TOP OF THE 4TH
St. Paul Saints batting - Pitching for Gary SouthShore RailCats : LHP Randy Steele
Batting: RHB Darryl Kirkpatrick 0-0: Called Strike
0-1: Ground out 5-3 (Groundball, 56, EV 101.9 MPH)
Batting: LHB Jared Mack 0-0: Ball
1-0: Ball
2-0: Called Strike
2-1: Ball
3-1: Foul Ball, location: 2F
3-2: Base on Balls
Batting: LHB Eddie Larracuente 0-0: Ball
1-0: Swinging Strike
1-1: Ball
2-1: Foul Ball, location: 2F
2-2: Strikes out swinging
Batting: LHB Domingo Ortega 0-0: Ball
1-0: Called Strike
1-1: Foul Ball, location: 2F
1-2: Strikes out swinging
Top of the 4th over - 0 runs, 0 hits, 0 errors, 1 left on base; St. Paul 2 - Gary SouthShore 3
BOTTOM OF THE 4TH
Gary SouthShore RailCats batting - Pitching for St. Paul Saints : RHP Rich Latham
Batting: SHB Nick Butler 0-0: Ball
1-0: Ball
2-0: Called Strike
2-1: Ball
3-1: Swinging Strike
3-2: Foul Ball, location: 2F
3-2: Strikes out swinging
Batting: RHB Sean Armor 0-0: Fly out, F5 (Popup, 6S, EV 77.5 MPH)
Batting: RHB Kevin Oliver 0-0: Ball
1-0: Ball
2-0: Swinging Strike
2-1: Ball
3-1: SINGLE (Line Drive, 78M, EV 94.4 MPH)
Batting: RHB Jesus Mantilla 0-0: Called Strike
0-1: SINGLE (Flyball, 8LS, EV 90.6 MPH)
Kevin Oliver to second
Runner from 2nd tries for 3rd, SAFE, no throw by CF
Batting: LHB Mario Vega 0-0: Fly out, F7 (Line Drive, 7D, EV 91.2 MPH)
Bottom of the 4th over - 0 runs, 2 hits, 0 errors, 2 left on base; St. Paul 2 - Gary SouthShore 3
TOP OF THE 5TH
St. Paul Saints batting - Pitching for Gary SouthShore RailCats : LHP Randy Steele
Batting: RHB Juan Morales 0-0: Called Strike
0-1: Ball
1-1: Ball
2-1: Foul Ball, location: 2F
2-2: Foul Ball, location: 2F
2-2: Hit by Pitch
Batting: LHB James Skelton 0-0: Ball
1-0: Sac Bunt to 2R - play at first, batter OUT! 2-3
Juan Morales to second
Batting: LHB Victor Rojas 0-0: Called Strike
0-1: Foul Ball, location: 2F
0-2: Strikes out swinging
Batting: LHB Kevin Waring 0-0: Called Strike
0-1: Ball
1-1: Ground out 4-3 (Groundball, 4, EV 85.0 MPH)
Top of the 5th over - 0 runs, 0 hits, 0 errors, 1 left on base; St. Paul 2 - Gary SouthShore 3
BOTTOM OF THE 5TH
Gary SouthShore RailCats batting - Pitching for St. Paul Saints : RHP Rich Latham
Batting: LHB Alejandro Ortiz 0-0: Ball
1-0: Ball
2-0: Called Strike
2-1: Foul Ball, location: 2F
2-2: Foul Ball, location: 2F
2-2: DOUBLE (Line Drive, 9LM, EV 109.4 MPH)
Batting: RHB Mark Zimny 0-0: Swinging Strike
0-1: Called Strike
0-2: Ball
1-2: Foul Ball, location: 2F
1-2: Ball
2-2: Foul Ball, location: 2F
2-2: Strikes out swinging
Batting: LHB Fernando Moreno 0-0: Called Strike
0-1: Foul Ball, location: 2F
0-2: Ball
1-2: Ball
2-2: SINGLE (Groundball, 34D, EV 103.1 MPH)
Alejandro Ortiz to third
Runner from 3rd tries for Home, throw by RF and OUT! 9-2
Batting: RHB Dean Rasche 0-0: Ball
1-0: Called Strike
1-1: Foul Ball, location: 2F
1-2: SINGLE (Flyball, 34D, EV 88.8 MPH)
Fernando Moreno to second
Batting: SHB Nick Butler 0-0: Swinging Strike
0-1: Ball
1-1: Foul Ball, location: 2F
1-2: Strikes out swinging
Bottom of the 5th over - 0 runs, 3 hits, 0 errors, 2 left on base; St. Paul 2 - Gary SouthShore 3
TOP OF THE 6TH
St. Paul Saints batting - Pitching for Gary SouthShore RailCats : LHP Randy Steele
Batting: SHB Davi Entrevinhas 0-0: Swinging Strike
0-1: SINGLE (Groundball, 6MD, EV 103.1 MPH)
Batting: RHB Darryl Kirkpatrick 0-0: Fly out, F9 (Flyball, 9S, EV 89.4 MPH)
Batting: LHB Jared Mack 0-0: Called Strike
0-1: Ball
1-1: Called Strike
1-2: Grounds into double play, 6-4-3 (Groundball, 6, EV 91.2 MPH)
Top of the 6th over - 0 runs, 1 hit, 0 errors, 0 left on base; St. Paul 2 - Gary SouthShore 3
BOTTOM OF THE 6TH
Gary SouthShore RailCats batting - Pitching for St. Paul Saints : RHP Rich Latham
Pitching: LHP John Havird
Batting: RHB Sean Armor 0-0: SINGLE (Popup, 3D, EV 52.5 MPH)
Batting: RHB Kevin Oliver 0-0: Called Strike
0-1: Bunt - Flyout to 2R! F2
Batting: RHB Jesus Mantilla 0-0: Ball
1-0: Fly out, F9 (Line Drive, 9, EV 101.9 MPH)
Batting: LHB Mario Vega 0-0: Called Strike
Sean Armor steals 2nd base
0-1: Ground out 6-3 (Groundball, 6M, EV 89.4 MPH)
Bottom of the 6th over - 0 runs, 1 hit, 0 errors, 1 left on base; St. Paul 2 - Gary SouthShore 3
TOP OF THE 7TH
St. Paul Saints batting - Pitching for Gary SouthShore RailCats : LHP Randy Steele
Batting: LHB Eddie Larracuente 0-0: Ball
1-0: Fly out, F3 (Popup, 3SF, EV 79.4 MPH)
Batting: LHB Domingo Ortega 0-0: Ball
1-0: Ball
2-0: Called Strike
2-1: Fly out, F7 (Flyball, 7S, EV 72.5 MPH)
Batting: RHB Juan Morales 0-0: Ball
1-0: Ground out 6-3 (Groundball, 6, EV 105.6 MPH)
Top of the 7th over - 0 runs, 0 hits, 0 errors, 0 left on base; St. Paul 2 - Gary SouthShore 3
BOTTOM OF THE 7TH
Gary SouthShore RailCats batting - Pitching for St. Paul Saints : LHP John Havird
Batting: LHB Alejandro Ortiz 0-0: Ball
1-0: Foul Ball, location: 2F
1-1: Swinging Strike
1-2: Ball
2-2: Ball
3-2: Foul Ball, location: 2F
3-2: Ground out 3-1 (Groundball, 34S, EV 88.1 MPH)
Batting: RHB Mark Zimny 0-0: Ball
1-0: Ball
2-0: Ball
3-0: Ground out 5-3 (Groundball, 56, EV 80.6 MPH)
Batting: LHB Fernando Moreno 0-0: SINGLE (Line Drive, 78S, EV 104.4 MPH)
Batting: RHB Dean Rasche 0-0: Called Strike
0-1: Foul Ball, location: 2F
0-2: Ball
1-2: Strikes out looking
Bottom of the 7th over - 0 runs, 1 hit, 0 errors, 1 left on base; St. Paul 2 - Gary SouthShore 3
TOP OF THE 8TH
St. Paul Saints batting - Pitching for Gary SouthShore RailCats : LHP Randy Steele
Batting: LHB James Skelton 0-0: Ball
1-0: Ball
2-0: Called Strike
2-1: Fly out, F9 (Flyball, 9LS, EV 94.4 MPH)
Batting: LHB Victor Rojas 0-0: Ball
1-0: SINGLE (Line Drive, 9S, EV 93.8 MPH)
Batting: LHB Kevin Waring 0-0: Ball
1-0: Grounds into double play, 6-4-3 (Groundball, 56, EV 101.9 MPH)
Top of the 8th over - 0 runs, 1 hit, 0 errors, 0 left on base; St. Paul 2 - Gary SouthShore 3
BOTTOM OF THE 8TH
Gary SouthShore RailCats batting - Pitching for St. Paul Saints : LHP John Havird
Batting: SHB Nick Butler 0-0: Called Strike
0-1: Foul Ball, location: 2F
0-2: TRIPLE (Line Drive, 89XD, EV 111.9 MPH)
Batting: RHB Sean Armor 0-0: Called Strike
0-1: Swinging Strike
0-2: Ball
1-2: Foul Ball, location: 2F
1-2: Strikes out swinging
Batting: RHB Kevin Oliver 0-0: Called Strike
0-1: Swinging Strike
0-2: Foul Ball, location: 2F
0-2: Ground out U3 (Groundball, 13, EV 84.4 MPH)
Batting: RHB Jesus Mantilla 0-0: Ball
1-0: Ball
2-0: Foul Ball, location: 2F
2-1: Foul Ball, location: 2F
2-2: SINGLE (Groundball, 4S, EV 98.8 MPH)
Nick Butler scores
Batting: LHB Mario Vega 0-0: Called Strike
0-1: Swinging Strike
0-2: Ball
1-2: Foul Ball, location: 2F
1-2: Foul Ball, location: 2F
1-2: Fielders Choice at 2nd, U6 (Groundball, 6M, EV 110.6 MPH)
Bottom of the 8th over - 1 run, 2 hits, 0 errors, 1 left on base; St. Paul 2 - Gary SouthShore 4
TOP OF THE 9TH
St. Paul Saints batting - Pitching for Gary SouthShore RailCats : LHP Randy Steele
Pitching: LHP Seth Hougesen
Batting: SHB Davi Entrevinhas 0-0: Foul Ball, location: 2F
0-1: Swinging Strike
0-2: Ball
1-2: Foul Ball, location: 2F
1-2: Foul Ball, location: 2F
1-2: Ball
2-2: SINGLE (Groundball, 6MD, EV 97.5 MPH)
Batting: RHB Darryl Kirkpatrick 0-0: Ball
1-0: Ball
2-0: Called Strike
2-1: Swinging Strike
2-2: Ball
3-2: Base on Balls
Davi Entrevinhas to second
Batting: LHB Jared Mack 0-0: Fly out, F5 (Line Drive, 5, EV 70.0 MPH)
Pinch Hitting: RHB Eduardo Rios 0-0: Ball
1-0: Swinging Strike
1-1: Fly out, F8 (Flyball, 8RS, EV 89.4 MPH)
Batting: LHB Domingo Ortega 0-0: Fly out, F7 (Flyball, 7LM, EV 88.8 MPH)
Top of the 9th over - 0 runs, 1 hit, 0 errors, 2 left on base; St. Paul 2 - Gary SouthShore 4
Tuesday, October 26th , 2021 - OOTP Baseball 22.10 Build 79